 Dungeon Crawl Stone Soup version 0.30-a0-778-g2ef04afb54 (webtiles) character file.

Game seed: 9355553318942177455

160 hikkokomori the Magician (level 5, -1/40 HPs)
             Began as a Draconian Hedge Wizard on Feb 16, 2023.
             Killed by nerve-wracking pain
             ... invoked by a shadow imp
              (10 damage)
             ... in a sewer.
             The game lasted 00:05:01 (2733 turns).

hikkokomori the Magician (Draconian Hedge Wizard)   Turns: 2733, Time: 00:05:02

Health: -1/40      AC:  9    Str: 13    XL:     5   Next: 17%
Magic:  3/3        EV: 11    Int: 16    God:
Gold:   187        SH:  3    Dex: 10    Spells: 2/10 levels left

rFire   . . .      SeeInvis .    p - +0 rapier (antimagic)
rCold   . . .      Faith    .    h - +0 buckler
rNeg    . . .      Spirit   .    (body armour unavailable)
rPois   .          Reflect  .    b - +0 hat
rElec   .          Harm     .    r - +2 cloak
rCorr   .          Rampage  .    (no gloves)
Will    .....                    o - +0 pair of boots
Stlth   ++                       (no amulet)
HPRegen 0.26/turn                (no ring)
MPRegen 0.08/turn                (no ring)

@: no status effects
A: AC +5, unfitting armour, cold-blooded
a: no special abilities


You were in a sewer.
You visited 1 branch of the dungeon, and saw 3 of its levels.
You also visited: Sewer.

You collected 187 gold pieces.

Inventory:

Hand Weapons
 a - a +0 dagger
 p - a +0 antimagic rapier (weapon)
Armour
 b - a +0 hat (worn)
 h - a +0 buckler (worn)
 o - a +0 pair of boots (worn)
 r - a +2 cloak (worn)
Scrolls
 e - a scroll of identify
 g - a scroll of magic mapping {unknown}
 l - a scroll of fear {unknown}
 n - 3 scrolls of teleportation {unknown}
Potions
 c - a potion of magic
 d - a potion of curing {unknown}
 f - a potion of flight {unknown}
 i - a potion of mutation {unknown}
 j - a potion of ambrosia
 k - a potion of cancellation {unknown}
 m - a potion of lignification {unknown}
 q - a potion of heal wounds {unknown}


   Skills:
 + Level 1.2 Fighting
 - Level 2.1 Dodging
 + Level 2.6 Stealth
 + Level 1.0 Shields
 - Level 3.2 Spellcasting
 + Level 2.0 Conjurations
 + Level 2.1 Summonings
 - Level 1.4 Translocations
 + Level 1.1 Air Magic
 + Level 1.2 Poison Magic


You had 2 spell levels left.
You knew the following spells:

 Your Spells              Type           Power      Damage    Failure   Level
a - Magic Dart            Conj           36%        1d4       11%         1
b - Call Imp              Summ           9%         N/A       16%         2
c - Mephitic Cloud        Conj/Pois/Air  7%         N/A       38%         3
d - Blink                 Tloc           14%        N/A       21%         2

Your spell library contained the following spells:

 Spells                   Type           Power      Damage    Failure   Level
 Kiss of Death            Conj/Necr      20%        2d7       17%         1
 Slow                     Hex            8%         N/A       26%         1
 Cigotuvi's Dreadful Rot  Necr/Pois/Air  10%        N/A       28%         2
 Sublimation of Blood     Necr           2%         N/A       36%         2
 Wereblood                Tmut           2%         N/A       36%         2
 Confusing Touch          Hex            2%         N/A       58%         3
 Frozen Ramparts          Ice            4%         1d1       58%         3
 Ozocubu's Armour         Ice            2%         N/A       58%         3
 Summon Ice Beast         Ice/Summ       5%         N/A       85%         4
 Dispel Undead            Necr           2%         3d7       94%         4
 Ice Form                 Ice/Tmut       2%         N/A       94%         4
 Ozocubu's Refrigeration  Ice            1%         4d7       100%        7
 Summon Hydra             Summ           4%         N/A       100%        7


Dungeon Overview and Level Annotations

Branches:
Dungeon (3/15)              Sewer (1/1)

Altars:
Yredelemnul

Shops:
D:3 (


Innate Abilities, Weirdness & Mutations

Your plain brown scales are hard. (AC +5)
You cannot fit into any form of body armour.
You are cold-blooded and may be slowed by cold attacks.


Message History

You barely miss the shadow imp.
The shadow imp is severely wounded.
The kobold barely misses you. The shadow imp completely misses you.
The kobold hits you with a +0 short sword.
You closely miss the shadow imp.
Your tail-slap misses the shadow imp.
The shadow imp is severely wounded.
The shadow imp closely misses you. You block the kobold's attack.
You hit the shadow imp.
The shadow imp's magic leaks into the air.
The shadow imp is severely wounded.
The shadow imp misses you. You block the kobold's attack.
You barely miss the shadow imp.
The shadow imp is severely wounded.
The shadow imp's magic is no longer disrupted.
The shadow imp hits you but does no damage.
You block the kobold's attack. The shadow imp misses you.
You barely miss the shadow imp.
The shadow imp is severely wounded.
The kobold hits you with a +0 short sword.
The shadow imp hits you but does no damage.
The kobold hits you but does no damage.
You hit the shadow imp but do no damage.
The shadow imp is severely wounded.
The shadow imp barely misses you.
The kobold hits you with a +0 short sword.
You hit the shadow imp but do no damage.
The shadow imp is severely wounded.
The shadow imp hits you.
* * * LOW HITPOINT WARNING * * *
The kobold hits you but does no damage.
You hit the shadow imp but do no damage.
The shadow imp is severely wounded.
The shadow imp hits you but does no damage.
The kobold barely misses you.
You hit the shadow imp.
The shadow imp's magic leaks into the air.
The shadow imp is almost dead.
The shadow imp gestures at you. Pain shoots through your body!
You die...

~.# ≈.# ≈≈.# ≈~.#
################≈~.#
#≈≈≈~≈≈≈≈~~≈≈≈≈~≈~.#≈≈
#.~≈~~~≈≈.~≈~~5~~~.≈≈≈
#............@KZ...#
###)################
##...## #.....#
#..∩..# #..∩..#
##...## #####


You could see a shadow imp (magic disrupted), a bat zombie and a kobold.

Vanquished Creatures
  A hound (D:3)
  5 adders
  A river rat (D:3)
  An adder zombie (Sewer)
  A worm (D:3)
  A dart slug (D:1)
  2 orcs (D:3)
  5 ball pythons
  4 endoplasms
  4 giant cockroaches
  5 goblins
  A hobgoblin (D:1)
  4 quokkas
  7 bats
  4 frilled lizards
  4 kobolds
  A kobold zombie (Sewer)
  8 rats
59 creatures vanquished.

Vanquished Creatures (collateral kills)
  An adder (D:2)
  A hobgoblin (D:2)
  A jackal (D:2)
3 creatures vanquished.

Grand Total: 62 creatures vanquished

Notes
Turn   | Place    | Note
-------+----------+-------------------------------------------
     0 | D:1      | hikkokomori the Draconian Hedge Wizard began the quest for
                  | the Orb.
     0 | D:1      | Reached XP level 1. HP: 14/14 MP: 4/4
   233 | D:1      | Reached XP level 2. HP: 18/20 MP: 1/6
  1001 | D:2      | Found a faded altar of an unknown god.
  1196 | D:2      | Reached XP level 3. HP: 21/26 MP: 1/7
  1209 | D:2      | Learned a level 2 spell: Call Imp
  1213 | D:2      | Learned a level 3 spell: Mephitic Cloud
  1216 | D:2      | Learned a level 2 spell: Blink
  1811 | D:2      | Reached XP level 4. HP: 26/33 MP: 3/8
  2190 | D:3      | Reached skill level 1 in Poison Magic
  2289 | D:3      | Found Kyruit Iferi's Antique Weapon Emporium.
  2294 | D:3      | Found a basalt altar of Yredelemnul.
  2453 | D:3      | Reached skill level 1 in Fighting
  2490 | D:3      | Reached skill level 1 in Air Magic
  2547 | D:3      | Reached XP level 5. HP: 39/40 MP: 3/9
  2611 | D:3      | Found a glowing drain.
  2639 | Sewer    | Entered a sewer
  2652 | Sewer    | Reached skill level 1 in Shields
  2733 | Sewer    | Killed from afar by a shadow imp

Illustrated notes

Levels and vault maps discovered:
D:1:      dpeg_arrival_refuge, layout_basic
D:2:      kb_forest_paths, layout_basic, shapermc_ecumenical_altar_petra,
          minmay_between
D:3:      minmay_chambers_of_twos, layout_loops_ring, amcnicky_altar_gilded,
          lemuel_doored_altar, portal_sewer_entry_a, serial_shops, shop_statue,
          chequers_decorated_corner
Sewer:    kennysheep_sewer_church

Skill      XL: |  1  2  3  4  5 |
---------------+----------------+-----
Stealth        | 2 |  2.6
Dodging        | 2 |  2.1
Poison Magic   | 1 |  1.2
Summonings     | 2 |  2.1
Conjurations   | 2 |  2.0
Fighting       | 1 |  1.2
Air Magic      | 1 |  1.1
Shields        | 1 |  1.0
Spellcasting   | |  3.2
Translocations | |  1.4

Action                     |  1- 3 |  4- 6 || total
---------------------------+-------+-------++-------
  Melee: Dagger            |   110 |     2 ||   112
         Tailslap          |    12 |    12 ||    24
         Rapier            |       |   105 ||   105
   Cast: Magic Dart        |    50 |     6 ||    56
         Call Imp          |     2 |     2 ||     4
    Use: Scroll            |       |     1 ||     1
   Stab: Sleeping          |     1 |       ||     1
 Armour: Skin              |    53 |    63 ||   116
  Dodge: Dodged            |    87 |    94 ||   181
  Block: Buckler           |    14 |    16 ||    30

Table legend: (Time is in decaauts)
 A = Elapsed time spent in this place.
 B = Non-inter-level travel time spent in this place.
 C = Inter-level travel time spent in this place.
 D = Time resting spent in this place.
 E = Time spent auto-exploring this place.
 F = Levels seen in this place.
 G = Mean time per level.
                   A        B        C        D        E       F      G
               +--------+--------+--------+--------+--------+-----+--------+
         Total |   2763 |   2749 |     14 |      0 |   2175 |   4 |  690.8 |
       Dungeon |   2661 |   2647 |     14 |      0 |   2131 |   3 |  887.0 |
         Sewer |    102 |    102 |      0 |      0 |     44 |   1 |  102.0 |
               +--------+--------+--------+--------+--------+-----+--------+

Top non-repeatable levels by time:
     D:2: 1226 daAuts
     D:1: 913 daAuts
     D:3: 521 daAuts
   Sewer: 102 daAuts
